 Dungeon Crawl Stone Soup version 0.17-a0-1718-g72dbe4d (webtiles) character file.

474 Kidiri the Shield-Bearer (level 6, -3/53 HPs)
             Began as a Minotaur Fighter on Aug 25, 2015.
             Slain by an ogre
             ... wielding a +0 giant club
              (9 damage)
             ... on level 4 of the Dungeon.
             The game lasted 00:10:01 (2938 turns).

Kidiri the Shield-Bearer (Minotaur Fighter)         Turns: 2938, Time: 00:10:02

Health: -3/53      AC:  7    Str: 22    XL:     6   Next: 84%
Magic:  5/5        EV:  9    Int:  5    God:
Gold:   203        SH: 10    Dex: 10    Spells: 0 memorised, 5 levels left

rFire  . . .     SeeInvis .     a - +3 war axe
rCold  . . .     Clarity  .     b - +0 scale mail
rNeg   . . .     SustAt   .     c - +0 shield
rPois  .         Gourm    .     (helmet restricted)
rElec  .         Spirit   .     (no cloak)
rCorr  .         Warding  .     (no gloves)
rMut   .         Stasis   .     (no boots)
MR     .....                    (no amulet)
Stlth  ..........               (no ring)
                                (no ring)

@: hasted, very quick, not resistant to hostile enchantments, extremely
unstealthy
A: retaliatory headbutt, horns 2
a: no special abilities


You were on level 4 of the Dungeon.
You were not hungry.

You visited 1 branch of the dungeon, and saw 4 of its levels.

You collected 203 gold pieces.

Inventory:

Hand weapons
 a - a +3 war axe (weapon)
Armour
 b - a +0 scale mail (worn)
 c - a +0 shield (worn)
Magical devices
 r - a wand of magic darts (22)
Scrolls
 f - a scroll of teleportation
 l - a scroll of recharging
 p - a scroll of remove curse
 s - a scroll of identify
Potions
 d - a potion of might
 g - 2 potions of ambrosia
 h - a potion of brilliance
 i - a potion of cure mutation
 j - 5 potions of lignification
 k - a potion of magic
Comestibles
 e - a bread ration
 m - 2 meat rations
 n - 3 beef jerkies
 q - 13 chunks of flesh


   Skills:
 + Level 4.6 Fighting
 * Level 4.8 Axes
 * Level 5.4 Armour
 + Level 2.6 Dodging
 * Level 5.7 Shields


You had 5 spell levels left.
You didn't know any spells.

Dungeon Overview and Level Annotations

Branches:
Dungeon (4/15)
 Temple: D:4-7

Altars:
Ashenzari
Dithmenos
Elyvilon
Gozag
Kikubaaqudgha
Qazlal
Trog
Vehumet
Yredelemnul

Annotations:
D:4 KambridgeKobold's ghost, average DsBe


Innate Abilities, Weirdness & Mutations

You reflexively headbutt those who attack you in melee.
You have a pair of horns on your head.


Message History

Found a bread ration and 17 arrows.
Found 15 gold pieces.
You block the ogre's attack.
The worker ant waves its antennae.
KambridgeKobold's ghost says, "You will never get the ORB!"
The ogre hits you with a giant club!!
* * * LOW HITPOINT WARNING * * *
The worker ant waves its antennae.
KambridgeKobold's ghost ripples.
KambridgeKobold's ghost closely misses you.
You furiously retaliate!
You headbutt KambridgeKobold's ghost, but do no damage.
Drink which item? (? for menu, Esc to quit)
Okay, then.
Unknown command.
Read which item? (? for menu, Esc to quit)
Okay, then.
Drink which item? (? for menu, Esc to quit)
You feel yourself speed up. The ogre hits you with a giant club!
You die...

.................................
.................................
#................................
#............%(..................
#$...............................
#.........................>......
#................................
#..............W.................
#.............aO@.............#..
###############################.<
#.# #######.# ......... .######.#
#.. ###


You could see an ogre, a worker ant and KambridgeKobold's ghost.

Vanquished Creatures
  Sigmund (D:4)
  2 scorpions (D:4)
  An orc priest (D:3)
  A worker ant (D:4)
  Robin (D:3)
  6 adders
  An ooze (D:2)
  An adder skeleton (D:4)
  4 worms
  15 orcs
  A ball python (D:4)
  6 bats
  A giant cockroach (D:1)
  6 hobgoblins
  6 kobolds
  A quokka (D:3)
  8 giant newts
  14 goblins
  4 rats
  A spectral orc (D:3)
  2 plants (D:1)
83 creatures vanquished.

Notes
Turn   | Place    | Note
--------------------------------------------------------------
     0 | D:1      | Kidiri the Minotaur Fighter began the quest for the Orb.
     0 | D:1      | Reached XP level 1. HP: 19/19 MP: 0/0
    78 | D:1      | Reached skill level 1 in Dodging
    99 | D:1      | Reached XP level 2. HP: 27/27 MP: 1/1
   811 | D:2      | Reached XP level 3. HP: 31/33 MP: 2/2
   882 | D:2      | Reached skill level 4 in Armour
  1378 | D:2      | Found a white marble altar of Elyvilon.
  1380 | D:2      | Found a radiant altar of Vehumet.
  1380 | D:2      | Found an opulent altar of Gozag.
  1384 | D:2      | Found a shattered altar of Ashenzari.
  1384 | D:2      | Found an ancient bone altar of Kikubaaqudgha.
  1385 | D:2      | Found a bloodstained altar of Trog.
  1385 | D:2      | Found a stormy altar of Qazlal.
  1506 | D:2      | Reached XP level 4. HP: 32/40 MP: 3/3
  1944 | D:3      | Noticed Robin
  1957 | D:3      | Killed Robin
  1960 | D:3      | Reached XP level 5. HP: 31/46 MP: 4/4
  2056 | D:3      | Found a shadowy altar of Dithmenos.
  2196 | D:3      | Found a basalt altar of Yredelemnul.
  2531 | D:4      | Reached skill level 5 in Shields
  2845 | D:4      | Reached skill level 5 in Armour
  2845 | D:4      | Reached XP level 6. HP: 52/52 MP: 5/5
  2849 | D:4      | Noticed Sigmund
  2875 | D:4      | Killed Sigmund
  2908 | D:4      | Noticed KambridgeKobold's ghost (average DsBe)
  2938 | D:4      | Slain by an ogre

Vault maps used:
D:1:      lemuel_arrival_rhombus, serial_forest, infiniplex_forest_clump_double,
          infiniplex_forest_pool, infiniplex_forest_lined_2,
          infiniplex_forest_clump_small, infiniplex_forest_clump_diagonal,
          infiniplex_forest_clump_cross, infiniplex_forest_join,
          infiniplex_forest_diagonal, infiniplex_forest_clump_small
D:2:      grunt_temple_overflow_open, serial_co_window_serial,
          co_window_paths_a, co_window_paths_a, co_window_corner_a,
          co_window_paths_b, co_window_paths_a, co_window_paths_a,
          co_window_paths_b, co_window_paths_b, co_window_corner_a,
          co_window_unsneaky_path_e, co_window_corner_ca, co_window_2corner,
          co_window_broadway_c, co_window_paths_d, glass_columns_c
D:3:      old_standard_altar, yredelemnul_forgotten_temple_becter, uniq_robin
D:4:      first_bread, uniq_sigmund

Action                   |  1- 3 |  4- 6 || total
-------------------------+-------+-------++-------
Melee: War axe           |   106 |    79 ||   185
  Use: Scroll            |    10 |     6 ||    16
       Potion            |       |     2 ||     2
  Eat: Chunk             |     2 |     2 ||     4
       Bread ration      |       |     1 ||     1
